 Dungeon Crawl Stone Soup version 0.23.0 (webtiles) character file.

Game seed: 11370658517532930016

388 Blackhawk the Covered (level 6, -3/40 HPs)
             Began as a Gargoyle Fighter on Feb 10, 2019.
             Was an Initiate of Ru.
             Killed by divine providence
             ... invoked by an orc priest
              (11 damage)
             ... on level 4 of the Dungeon.
             The game lasted 00:05:05 (3416 turns).

Blackhawk the Covered (Gargoyle Fighter)            Turns: 3416, Time: 00:05:06

Health: -3/40      AC: 12    Str: 22    XL:     6   Next: 79%
Magic:  6/6        EV:  7    Int:  8    God:    Ru [......]
Gold:   127        SH: 10    Dex:  9    Spells: 5/5 levels left

rFire    . . .     SeeInvis .   a - +0 war axe
rCold    . . .     Gourm    .   c - +0 shield
rNeg     + . .     Faith    .   b - +0 scale mail
rPois    ∞         Spirit   .   q - +0 helmet
rElec    +         Reflect  .   (no cloak)
rCorr    .         Harm     .   (no gloves)
MR       .....                  (no boots)
Stlth    ..........             (no amulet)
HPRegen  0.13/turn              (no ring)
MPRegen  0.10/turn              (no ring)

@: very slow
A: negative energy resistance 1, electricity resistance, unbreathing,
petrification resistance, rot immunity, AC +4
a: Renounce Religion


You were on level 4 of the Dungeon.
You worshipped Ru.
Ru was noncommittal.
You were not hungry.

You visited 1 branch of the dungeon, and saw 4 of its levels.

You collected 127 gold pieces.

Inventory:

Hand Weapons
 a - a +0 war axe (weapon)
 i - a +2 dagger of venom
Armour
 b - a +0 scale mail (worn)
 c - a +0 shield (worn)
 q - a +0 helmet (worn)
Wands
 m - a wand of enslavement (7)
 o - a wand of polymorph (8)
 u - a wand of random effects (16)
Scrolls
 e - a scroll of enchant armour {unknown}
 g - a scroll of teleportation {unknown}
 h - 3 scrolls of remove curse {unknown}
 j - 5 scrolls of identify {unknown}
 k - 2 scrolls of enchant weapon {unknown}
 r - a scroll of fog {unknown}
 t - a scroll of magic mapping {unknown}
 v - a scroll of blinking {unknown}
Potions
 d - a potion of might
 l - 2 potions of cancellation {unknown}
 n - a potion of heal wounds {unknown}
 p - a potion of mutation {unknown}
 w - a potion of magic {unknown}
Comestibles
 f - 6 rations
 s - 10 chunks of flesh


   Skills:
 + Level 4.9 Fighting
 + Level 3.4 Axes
 + Level 5.0 Armour
 + Level 4.9 Shields


You had 5 spell levels left.
You didn't know any spells.
Your spell library was empty.

Dungeon Overview and Level Annotations

Branches:
Dungeon (4/15)
 Temple: D:4-7

Altars:
Ashenzari
Cheibriados
Hepliaklqana
Makhleb
Ru
Trog
Uskayaw


Innate Abilities, Weirdness & Mutations

You are resistant to torment.
Your stone body is resilient. (AC +4)
You are immune to poison.
You resist negative energy. (rN+)
You are resistant to electric shocks. (rElec)
You can survive without breathing.
You are immune to petrification.
You are immune to rotting.


Message History

You are too injured to fight recklessly!
You are too injured to fight recklessly!
You are too injured to fight recklessly!
You are too injured to fight recklessly!
You are too injured to fight recklessly!
You are too injured to fight recklessly!
You are too injured to fight recklessly!
You are too injured to fight recklessly!
You are too injured to fight recklessly!
You are too injured to fight recklessly!
You are too injured to fight recklessly!
Your unstable footing causes you to fumble your attack.
The orc priest invokes the aid of Beogh against you.
Beogh smites you!
* * * LOW HITPOINT WARNING * * *
The orc priest calls upon Beogh to heal the orc priest.
The orc priest is healed somewhat.
The orc priest invokes the aid of Beogh against you.
Beogh smites you!
You die...

#. #.........### #.#
#...# #...... ### #.#
##..)###...###
P.P###.###>##...#.÷.#
≈≈≈PP..##.##.≈.≈....#
♣≈≈.#.###P≈......#
♣≈PP..# #..P≈♣...#
♣≈≈P..# #####..#...
♣≈o@##.# .#.#####
♣≈≈≈≈oP# #.# .##.#
≈P≈P≈P.## ....# #.#
#.PP≈P# ### ... #
...P.. . #..... P
##### ≈ ≈ ..


You could see 2 orc priests.

Vanquished Creatures
  An ogre (D:3)
  Blork the orc (D:4)
  An orc wizard (D:4)
  A hound (D:4)
  Jessica (D:3)
  Ijyb (D:4)
  Robin (D:3)
  2 adders
  An ooze (D:1)
  2 worms
  3 dart slugs
  4 leopard geckos
  4 orcs
  A ball python (D:2)
  3 giant cockroaches
  20 goblins
  7 hobgoblins
  9 jackals (D:4)
  2 quokkas
  3 bats
  5 frilled lizards
  5 kobolds
  A leopard gecko skeleton (D:4)
  A quokka skeleton (D:4)
  3 rats
83 creatures vanquished.

Notes
Turn   | Place    | Note
-------+----------+-------------------------------------------
     0 | D:1      | Blackhawk the Gargoyle Fighter began the quest for the Orb.
     0 | D:1      | Reached XP level 1. HP: 14/14 MP: 1/1
   105 | D:1      | Found a shattered altar of Ashenzari.
   252 | D:1      | Reached XP level 2. HP: 17/19 MP: 2/2
   824 | D:2      | Reached XP level 3. HP: 22/24 MP: 3/3
  1814 | D:3      | Noticed Robin
  1822 | D:3      | Reached XP level 4. HP: 21/29 MP: 4/4
  1835 | D:3      | Killed Robin
  1835 | D:3      | Reached skill level 4 in Armour
  2006 | D:3      | Found a burning altar of Makhleb.
  2008 | D:3      | Found a snail-covered altar of Cheibriados.
  2008 | D:3      | Found a sacrificial altar of Ru.
  2010 | D:3      | Found a hazy altar of Hepliaklqana.
  2011 | D:3      | Found a hide-covered altar of Uskayaw.
  2013 | D:3      | Found a bloodstained altar of Trog.
  2027 | D:3      | Became a worshipper of Ru the Awakened
  2119 | D:3      | Noticed Jessica
  2142 | D:3      | Killed Jessica
  2360 | D:3      | Reached XP level 5. HP: 33/33 MP: 5/5
  2511 | D:3      | Noticed an ogre
  2520 | D:3      | Killed an ogre
  2946 | D:4      | Noticed Ijyb
  2962 | D:4      | Killed Ijyb
  2962 | D:4      | Reached XP level 6. HP: 39/39 MP: 6/6
  3008 | D:4      | Noticed Blork the orc
  3018 | D:4      | Killed Blork the orc
  3236 | D:4      | Found a snail-covered altar of Cheibriados.
  3407 | D:4      | Reached skill level 5 in Armour
  3416 | D:4      | Killed from afar by an orc priest

Skill      XL: |  1  2  3  4  5  6 |
---------------+-------------------+-----
Axes           | 2 3 |  3.4
Fighting       | 4 |  4.9
Armour         | 4 5 |  5.0
Shields        | 4 |  4.9

Action                   |  1- 3 |  4- 6 || total
-------------------------+-------+-------++-------
Melee: War axe           |   170 |   159 ||   329
  Eat: Chunk             |     3 |     6 ||     9
Armor: Scale mail        |   103 |    73 ||   176
Dodge: Dodged            |    66 |    45 ||   111
Block: Shield            |    99 |    85 ||   184
